 Dungeon Sprint DCSS version 0.29-a0-839-g4793fd635e (webtiles) character file.

Game seed: 2292285428342353285

2600000 27snakeeyes612 the Axe Maniac (level 17, -1/191 HPs)
             Began as a Minotaur Berserker on July 14, 2022.
             Was a High Priest of Trog.
             Engulfed by a cloud of flame (19 damage)
             ... in the Dungeon (Sprint VIII: "Arena of Blood").
             The game lasted 00:01:05 (26 turns).

27snakeeyes612 the Axe Maniac (Minotaur Berserker)    Turns: 26, Time: 00:01:06

Health: -1/191     AC:  4    Str: 27    XL:     17   Next: 90%
Magic:  15/24      EV: 25    Int:  4    God:    Trog [*****.]
Gold:   0          SH:  0    Dex: 13    Spells: 16/16 levels left

rFire   . . .      SeeInvis .   i - +∞ Axe of Woe
rCold   . . .      Faith    .   (shield currently unavailable)
rNeg    . . .      Spirit   .   b - +0 animal skin
rPois   .          Reflect  .   (helmet restricted)
rElec   .          Harm     .   (no cloak)
rCorr   .          Rampage  .   (no gloves)
Will    +....      NoTele   +   (no boots)
Stlth   +++++.....              (no amulet)
HPRegen 0.41/turn               (no ring)
MPRegen 0.19/turn               (no ring)

@: on berserk cooldown, slowed, very slow
A: horns 2, retaliatory headbutt
a: Renounce Religion, Berserk, Trog's Hand, Brothers in Arms


You were in the Dungeon.
You worshipped Trog.
Trog was extremely pleased with you.
You visited 1 branch

Inventory:

Hand Weapons
 a - a +0 hand axe
 i - the +∞ Axe of Woe (weapon)
   (You found it in the Dungeon)
Armour
 b - a +0 animal skin (worn)
Scrolls
 h - a scroll of blinking
Potions
 c - a potion of curing
 d - a potion of heal wounds
 e - a potion of haste
 f - 2 potions of magic
 g - a potion of berserk rage


   Skills:
 O Level 27 Fighting
 + Level 13.7(16.0) Short Blades
 + Level 14.8(17.3) Long Blades
 O Level 27 Axes
 + Level 14.8(23.9) Maces & Flails
 + Level 14.8(23.9) Polearms
 + Level 14.0(18.9) Staves
 + Level 13.0 Ranged Weapons
 + Level 11.9 Throwing
 O Level 27 Armour
 O Level 27 Dodging
 + Level 11.0 Stealth
 + Level 14.0 Shields
 + Level 13.0 Unarmed Combat
 + Level 11.9 Invocations
 + Level 11.0 Evocations


You had 16 spell levels left.
You didn't know any spells.
Your spell library was empty.

Dungeon Overview and Level Annotations

Branches:
Dungeon (1/1)

Altars:
Makhleb


Innate Abilities, Weirdness & Mutations

You have a pair of horns on your head.
You reflexively headbutt those who attack you in melee.


Message History

* * * LOW HITPOINT WARNING * * *
The fiery explosion engulfs the bag of meat!!!
You are engulfed in blazing flames.
* * * LOW HITPOINT WARNING * * *
You hear a shout!
You hear two shouts!
You hear a shout! x2
The meat berserker rages.
You hear a shout! x6
A meat berserker comes into view. It is wielding a +9 battleaxe.
You hear a shout! x2
The bag of meat is engulfed in blazing flames.
A bag of meat comes into view. It is wielding a +9 war axe.
You hear a shout!
A meat berserker comes into view. It is wielding a +9 battleaxe.
You hear a shout! x4
The meat berserker rages.
You hear a shout!
Your base Short Blades skill gained 13 levels and is now at level 13!
Your base Long Blades skill gained 14 levels and is now at level 14!
Your base Maces & Flails skill gained 14 levels and is now at level 14!
Your base Polearms skill gained 14 levels and is now at level 14!
Your base Staves skill gained 14 levels and is now at level 14!
Your Ranged Weapons skill gained 13 levels and is now at level 13!
Your Throwing skill gained 11 levels and is now at level 11!
Your Stealth skill gained 11 levels and is now at level 11!
Your Shields skill gained 14 levels and is now at level 14!
Your Unarmed Combat skill gained 13 levels and is now at level 13!
Your Invocations skill gained 11 levels and is now at level 11!
Your Evocations skill gained 11 levels and is now at level 11!
You have reached level 17!
You chop the bag of meat into pieces!!!
You hew the bag of meat savagely.
You kill the bag of meat!
Trog accepts your kill.
You slice the meat berserker!!
You pulverise the meat berserker into a thin bloody mist.
You kill the meat berserker!
Trog accepts your kill.
The destroyer appears out of thin air!
A destroyer comes into view. It is wielding a +9 vorpal great sword.
You are engulfed in blazing flames.
You die...

....... ......... #
..... #..V....#
...#O.. #.......#
#......###.......###.
......))))o.###......
....#...o...._......
. #....§§§#.....#..
.....o.§°§#_.<._#
..#..o.§§@#.....#
....#..o)°§.._.....
.........§§.###......
......O###..o. ..###.
..... #.......# .....
#o...O..# ....
......... .#. .....Oo


You could see a destroyer (wandering), a large bag of meat (inner flame), 3 meat
berserkers and 8 bags of meat.

Vanquished Creatures
  7 ogres (D)
  2 two-headed ogres (D)
  14 orcs (D)
23 creatures vanquished.

Notes
Turn   | Place    | Note
-------+----------+-------------------------------------------
     0 | D        | Found the +∞ Axe of Woe
     0 | D        | 27snakeeyes612 the Minotaur Berserker began the quest for
                  | the Orb.
     0 | D        | Reached XP level 1. HP: 19/19 MP: 0/0
     3 | D        | Noticed a bag of meat
     3 | D        | Noticed a bag of meat
     4 | D        | Noticed a bag of meat
     4 | D        | Noticed a bag of meat
     5 | D        | Noticed a bag of meat
     6 | D        | Noticed a bag of meat
     6 | D        | Noticed a bag of meat
     9 | D        | Killed a bag of meat
     9 | D        | Killed a bag of meat
     9 | D        | Reached ** piety under Trog
     9 | D        | Noticed a bag of meat
    10 | D        | Reached skill level 10 in Dodging
    10 | D        | Reached XP level 2. HP: 60/60 MP: 1/1
    10 | D        | Reached XP level 3. HP: 67/67 MP: 2/2
    10 | D        | Reached XP level 4. HP: 75/75 MP: 3/3
    10 | D        | Reached XP level 5. HP: 82/82 MP: 4/4
    10 | D        | Reached XP level 6. HP: 91/91 MP: 5/5
    10 | D        | Reached XP level 7. HP: 97/97 MP: 6/6
    10 | D        | Reached XP level 8. HP: 106/106 MP: 7/7
    10 | D        | Reached XP level 9. HP: 113/113 MP: 8/8
    10 | D        | Reached XP level 10. HP: 122/122 MP: 9/9
    10 | D        | Reached XP level 11. HP: 128/128 MP: 10/10
    10 | D        | Killed a bag of meat
    11 | D        | Reached XP level 12. HP: 141/141 MP: 11/11
    12 | D        | Killed a bag of meat
    12 | D        | Noticed a bag of meat
    13 | D        | Reached XP level 13. HP: 152/152 MP: 12/12
    13 | D        | Killed a bag of meat
    14 | D        | Reached skill level 27 in Axes
    14 | D        | Noticed a bag of meat
    15 | D        | Killed a bag of meat
    15 | D        | Reached *** piety under Trog
    16 | D        | Reached skill level 27 in Fighting
    16 | D        | Killed a bag of meat
    17 | D        | Reached XP level 14. HP: 168/168 MP: 13/13
    17 | D        | Killed a bag of meat
    18 | D        | Noticed a bag of meat
    18 | D        | Noticed a bag of meat
    18 | D        | Noticed a meat berserker
    18 | D        | Noticed a bag of meat
    18 | D        | Noticed a bag of meat
    18 | D        | Noticed a meat berserker
    19 | D        | Noticed a meat berserker
    19 | D        | Noticed a large bag of meat
    19 | D        | Noticed a bag of meat
    20 | D        | Noticed a bag of meat
    20 | D        | Noticed a bag of meat
    20 | D        | Noticed a large bag of meat
    20 | D        | Noticed a meat berserker
    20 | D        | Noticed a meat berserker
    21 | D        | Noticed a meat berserker
    21 | D        | Killed a bag of meat
    21 | D        | Reached **** piety under Trog
    21 | D        | Killed a bag of meat
    22 | D        | Noticed a meat berserker
    22 | D        | Noticed a bag of meat
    22 | D        | Noticed a bag of meat
    22 | D        | Noticed a bag of meat
    23 | D        | Killed a meat berserker
    23 | D        | Noticed a bag of meat
    23 | D        | Noticed a bag of meat
    24 | D        | Reached XP level 15. HP: 160/174 MP: 14/14
    24 | D        | Killed a meat berserker
    24 | D        | Reached ***** piety under Trog
    24 | D        | Killed a meat berserker
    24 | D        | Received a gift from Trog
    24 | D        | Noticed a large bag of meat
    24 | D        | Noticed a meat berserker
    25 | D        | Reached skill level 27 in Armour
    25 | D        | Reached skill level 27 in Dodging
    25 | D        | Reached XP level 16. HP: 88/183 MP: 15/15
    25 | D        | Killed a large bag of meat
    25 | D        | Killed a meat berserker
    25 | D        | Killed a meat berserker
    25 | D        | Killed a large bag of meat
    25 | D        | Killed a meat berserker
    25 | D        | Noticed a meat berserker
    25 | D        | Noticed a meat berserker
    26 | D        | Reached XP level 17. HP: 18/191 MP: 15/24
    26 | D        | Killed a meat berserker
    26 | D        | Engulfed by a cloud of flame

Illustrated notes

Levels and vault maps discovered:
D:        meatsprint

Skill      XL: |  1  2  3  4  5  6  7  8  9 10 11 12 13 14 15 16 |
---------------+-------------------------------------------------+-----
Fighting       | 21 23 24 27 | 27.0
Axes           | 22 24 26 27 | 27.0
Armour         | 11 13 19 26 27 | 27.0
Dodging        | 10 11 12 16 23 27 | 27.0
Short Blades   | 13 | 13.7
Long Blades    | 14 | 14.8
Maces & Flails | 14 | 14.8
Polearms       | 14 | 14.8
Staves         | 14 | 14.0
Ranged Weapons | 13 | 13.0
Throwing       | 11 | 11.9
Stealth        | 11 | 11.0
Shields        | 14 | 14.0
Unarmed Combat | 13 | 13.0
Invocations    | 11 | 11.9
Evocations     | 11 | 11.0

Action                   |  1- 3 |  4- 6 |  7- 9 | 10-12 | 13-15 | 16-18 || total
-------------------------+-------+-------+-------+-------+-------+-------++-------
Melee: Executioner's axe |     1 |       |       |     2 |     7 |     2 ||    12
Invok: Berserk           |     1 |       |       |       |       |       ||     1
Dodge: Dodged            |       |       |       |       |     2 |       ||     2

Table legend: (Time is in decaauts)
 A = Elapsed time spent in this place.
 B = Non-inter-level travel time spent in this place.
 C = Inter-level travel time spent in this place.
 D = Time resting spent in this place.
 E = Time spent auto-exploring this place.
 F = Levels seen in this place.
 G = Mean time per level.
                   A        B        C        D        E       F      G
               +--------+--------+--------+--------+--------+-----+--------+
         Total |     21 |     21 |      0 |      0 |      0 |   1 |   21.0 |
       Dungeon |     21 |     21 |      0 |      0 |      0 |   1 |   21.0 |
               +--------+--------+--------+--------+--------+-----+--------+

Top non-repeatable levels by time:
       D: 21 daAuts
